General information
- name: BNet
- type: Ladder 1vs1/FFA
- host: Battle.net
- saver: merc.b
map: LostTemple
- players: 2
- length: 123:46
- speed: Fast
- version: 1.26 W3XP
- replay type: Public
» download(381 KB)
Players
team 1 (loser)
Manlier (
yellow | 67 APM | 8319 actions | 123:42)
7 Dreadlord
3 Sleep
2 Vampiric Aura
1 Carrion Swarm
1 Inferno
5 Death Knight
3 Death Coil
2 Unholy Aura
5 Lich
3 Frost Nova
2 Dark Ritual
» actions
| Assign group hotkey | 124 | |
| Basic commands | 256 | |
| Build / train | 249 | |
| ESC pressed | 15 | |
| Enter build submenu | 71 | |
| Enter hero's abilities submenu | 18 | |
| Give item / drop item | 20 | |
| Remove unit from queue | 5 | |
| Right click | 3812 | |
| Select / deselect | 1985 | |
| Select group hotkey | 1138 | |
| Use ability | 624 | |
8319 total
» units
| Acolyte | 50 | |
| Ghoul | 16 | |
| Obsidian Statue | 6 | |
| Crypt Fiend | 11 | |
| Frost Wyrm | 8 | |
| Abomination | 4 | |
| Meatwagon | 27 | |
| Goblin Zeppelin | 9 | |
| Gargoyle | 12 | |
143 total
» upgrades
| Cannibalize | 1 | |
| Unholy Armor | 3 | |
| Unholy Strength | 4 | |
| Web | 1 | |
| Ghoul Frenzy | 1 | |
| Creature Carapace | 3 | |
| Creature Attack | 3 | |
| Freezing Breath | 1 | |
| Stone Form | 1 | |
18 total
» buildings
| Crypt | 5 | |
| Ziggurat | 34 | |
| Altar of Darkness | 5 | |
| Graveyard | 1 | |
| Necropolis | 8 | |
| Halls of the Dead | 2 | |
| Tomb of Relics | 3 | |
| Nerubian Tower | 4 | |
| Spirit Tower | 10 | |
| Slaughterhouse | 1 | |
| Black Citadel | 1 | |
| Sacrificial Pit | 2 | |
| Boneyard | 1 | |
77 total
» build order
00:53 Crypt
00:54 Crypt
00:56 Ziggurat
01:02 Altar of Darkness
01:08 Altar of Darkness
01:46 Ziggurat
02:32 Ziggurat
04:01 Graveyard
04:05 Ziggurat
04:40 Necropolis
05:42 Halls of the Dead
05:42 Halls of the Dead
06:28 Tomb of Relics
06:45 Nerubian Tower
07:30 Ziggurat
07:53 Spirit Tower
08:11 Ziggurat
08:23 Slaughterhouse
09:12 Black Citadel
09:26 Spirit Tower
10:22 Spirit Tower
10:38 Spirit Tower
11:44 Sacrificial Pit
11:52 Spirit Tower
12:59 Sacrificial Pit
13:00 Ziggurat
13:01 Ziggurat
14:56 Spirit Tower
16:35 Boneyard
17:17 Ziggurat
17:18 Ziggurat
17:23 Tomb of Relics
17:25 Tomb of Relics
19:57 Necropolis
19:59 Necropolis
29:27 Ziggurat
29:28 Ziggurat
29:48 Ziggurat
29:49 Ziggurat
29:50 Ziggurat
31:55 Necropolis
36:50 Ziggurat
36:50 Ziggurat
36:50 Ziggurat
36:51 Ziggurat
36:51 Ziggurat
36:52 Ziggurat
37:36 Spirit Tower
37:37 Nerubian Tower
39:15 Spirit Tower
40:00 Nerubian Tower
42:42 Necropolis
45:11 Ziggurat
45:12 Ziggurat
45:49 Ziggurat
45:52 Ziggurat
45:54 Ziggurat
48:40 Spirit Tower
59:22 Necropolis
59:24 Necropolis
61:55 Necropolis
68:24 Ziggurat
68:25 Ziggurat
68:27 Ziggurat
68:28 Ziggurat
68:29 Ziggurat
68:30 Ziggurat
69:29 Spirit Tower
69:31 Nerubian Tower
83:20 Crypt
83:21 Crypt
83:23 Crypt
85:13 Altar of Darkness
85:14 Altar of Darkness
85:16 Altar of Darkness
85:21 Ziggurat
85:22 Ziggurat
» items
| Scroll of Town Portal | 21 | |
| Boots of Speed | 1 | |
| Scroll of Healing | 2 | |
| Orb of Corruption | 3 | |
| Staff of Teleportation | 2 | |
| Tome of Retraining | 1 | |
| Potion of Healing | 3 | |
| Periapt of Vitality | 4 | |
37 total
team 2 (winner)
merc.b (
red | 65 APM | 8061 actions | 123:46)
9 Archmage
3 Blizzard
3 Brilliance Aura
1 Mass Teleport
2 Summon Water Elemental
7 Blood Mage
3 Flame Strike
2 Banish
1 Siphon Mana
1 Summon Phoenix
» actions
| Assign group hotkey | 129 | |
| Basic commands | 302 | |
| Build / train | 263 | |
| ESC pressed | 13 | |
| Enter build submenu | 156 | |
| Enter hero's abilities submenu | 16 | |
| Give item / drop item | 17 | |
| Remove unit from queue | 1 | |
| Right click | 3748 | |
| Select / deselect | 1461 | |
| Select group hotkey | 1167 | |
| Use ability | 788 | |
8061 total
» units
| Peasant | 30 | |
| Goblin Shredder | 1 | |
| Goblin Zeppelin | 2 | |
| Sorceress | 1 | |
| Mortar Team | 2 | |
| Dragonhawk Rider | 14 | |
| Flying Machine | 20 | |
| Priest | 1 | |
| Siege Engine | 8 | |
79 total
» upgrades
| Masonry | 3 | |
| Swords | 4 | |
| Armor | 3 | |
| Sorceress Training | 2 | |
| Gunpowder | 1 | |
| Flare | 1 | |
| Magic Sentry | 1 | |
| Flak Cannons | 1 | |
| Priest Training | 2 | |
| Cloud | 1 | |
| Animal War Training | 1 | |
| Flying Machine Bombs | 1 | |
| Barrage | 1 | |
22 total
» buildings
| Altar of Kings | 2 | |
| Farm | 27 | |
| Arcane Vault | 3 | |
| Lumber Mill | 3 | |
| Scout Tower | 163 | |
| Arcane Tower | 10 | |
| Guard Tower | 60 | |
| Town Hall | 5 | |
| Keep | 5 | |
| Blacksmith | 2 | |
| Castle | 3 | |
| Arcane Sanctum | 4 | |
| Workshop | 5 | |
| Gryphon Aviary | 8 | |
| Barracks | 1 | |
301 total
» build order
00:05 Altar of Kings
00:26 Farm
00:27 Farm
00:49 Arcane Vault
01:06 Lumber Mill
01:14 Scout Tower
01:55 Scout Tower
01:58 Scout Tower
02:22 Arcane Tower
02:43 Scout Tower
02:48 Farm
03:05 Guard Tower
03:31 Guard Tower
03:36 Scout Tower
03:38 Scout Tower
03:39 Scout Tower
03:42 Scout Tower
04:12 Scout Tower
04:19 Arcane Tower
04:45 Town Hall
04:50 Scout Tower
04:52 Scout Tower
04:56 Guard Tower
05:05 Guard Tower
05:34 Guard Tower
05:52 Guard Tower
06:12 Guard Tower
06:15 Keep
06:15 Keep
06:53 Guard Tower
07:23 Scout Tower
07:24 Scout Tower
07:25 Scout Tower
07:28 Blacksmith
07:28 Blacksmith
07:53 Scout Tower
07:54 Scout Tower
07:56 Scout Tower
07:58 Scout Tower
08:30 Guard Tower
08:32 Guard Tower
08:34 Scout Tower
08:34 Scout Tower
08:35 Scout Tower
08:37 Castle
08:39 Arcane Sanctum
08:42 Arcane Sanctum
08:43 Workshop
08:45 Workshop
08:45 Arcane Sanctum
08:59 Arcane Sanctum
09:31 Arcane Tower
09:32 Guard Tower
09:39 Workshop
09:42 Farm
09:43 Farm
10:02 Arcane Tower
10:04 Scout Tower
10:08 Scout Tower
10:09 Scout Tower
10:56 Guard Tower
11:23 Castle
11:47 Scout Tower
11:48 Scout Tower
14:48 Guard Tower
15:18 Gryphon Aviary
15:20 Gryphon Aviary
15:20 Gryphon Aviary
16:22 Guard Tower
17:35 Scout Tower
17:35 Scout Tower
17:42 Scout Tower
18:10 Guard Tower
18:18 Guard Tower
18:36 Guard Tower
18:39 Scout Tower
18:41 Scout Tower
18:41 Scout Tower
18:49 Scout Tower
18:50 Scout Tower
18:50 Scout Tower
18:50 Scout Tower
18:52 Scout Tower
18:52 Scout Tower
19:19 Guard Tower
19:21 Scout Tower
19:22 Scout Tower
19:23 Guard Tower
19:24 Scout Tower
19:26 Scout Tower
19:26 Scout Tower
19:30 Scout Tower
19:48 Arcane Tower
19:52 Town Hall
19:52 Guard Tower
19:56 Scout Tower
20:00 Scout Tower
20:01 Guard Tower
20:39 Guard Tower
20:51 Guard Tower
20:54 Scout Tower
20:55 Scout Tower
20:56 Guard Tower
20:57 Scout Tower
20:59 Scout Tower
21:29 Farm
21:29 Farm
21:30 Farm
21:32 Barracks
21:35 Farm
21:53 Guard Tower
21:59 Farm
22:00 Farm
22:10 Scout Tower
24:05 Scout Tower
24:05 Scout Tower
24:05 Scout Tower
24:09 Scout Tower
24:10 Scout Tower
24:10 Scout Tower
24:11 Scout Tower
24:13 Scout Tower
25:12 Guard Tower
25:16 Scout Tower
25:17 Scout Tower
25:19 Scout Tower
25:20 Scout Tower
25:22 Scout Tower
25:23 Scout Tower
25:24 Scout Tower
25:31 Guard Tower
25:32 Scout Tower
25:45 Guard Tower
26:11 Guard Tower
26:13 Scout Tower
26:13 Scout Tower
26:14 Scout Tower
26:24 Guard Tower
26:25 Scout Tower
26:26 Scout Tower
26:39 Scout Tower
27:09 Guard Tower
27:11 Guard Tower
27:15 Scout Tower
27:16 Scout Tower
27:16 Scout Tower
27:17 Scout Tower
28:10 Town Hall
28:58 Guard Tower
29:28 Guard Tower
29:58 Scout Tower
30:16 Arcane Vault
30:24 Scout Tower
31:04 Scout Tower
31:05 Scout Tower
31:06 Scout Tower
31:06 Scout Tower
31:07 Scout Tower
31:08 Scout Tower
31:44 Guard Tower
31:48 Guard Tower
32:39 Scout Tower
32:39 Scout Tower
32:40 Scout Tower
32:41 Scout Tower
32:42 Scout Tower
32:42 Scout Tower
32:54 Guard Tower
33:02 Guard Tower
33:11 Guard Tower
33:46 Guard Tower
33:48 Town Hall
35:19 Guard Tower
38:09 Scout Tower
38:10 Scout Tower
38:14 Scout Tower
38:15 Scout Tower
39:25 Guard Tower
39:47 Scout Tower
39:48 Scout Tower
39:49 Scout Tower
39:51 Scout Tower
40:22 Guard Tower
41:17 Guard Tower
41:22 Scout Tower
41:22 Scout Tower
41:23 Scout Tower
41:32 Guard Tower
43:16 Guard Tower
43:24 Scout Tower
43:25 Scout Tower
43:27 Guard Tower
43:32 Scout Tower
43:32 Scout Tower
43:33 Scout Tower
43:34 Scout Tower
44:14 Guard Tower
44:53 Guard Tower
45:35 Guard Tower
47:38 Scout Tower
47:39 Scout Tower
48:51 Scout Tower
48:51 Scout Tower
48:52 Scout Tower
48:53 Scout Tower
48:54 Guard Tower
49:55 Scout Tower
49:56 Scout Tower
50:20 Scout Tower
50:21 Scout Tower
50:23 Scout Tower
50:24 Scout Tower
50:25 Scout Tower
50:26 Scout Tower
50:27 Scout Tower
50:29 Scout Tower
50:30 Scout Tower
50:32 Scout Tower
50:33 Scout Tower
50:34 Scout Tower
50:35 Scout Tower
50:36 Scout Tower
50:38 Scout Tower
50:39 Scout Tower
50:41 Scout Tower
50:42 Scout Tower
50:43 Scout Tower
50:43 Scout Tower
50:45 Scout Tower
50:46 Scout Tower
50:46 Scout Tower
50:47 Scout Tower
51:11 Scout Tower
51:17 Guard Tower
51:20 Guard Tower
51:33 Scout Tower
51:34 Scout Tower
51:46 Arcane Tower
52:03 Keep
54:18 Guard Tower
54:20 Scout Tower
54:21 Scout Tower
54:23 Scout Tower
54:31 Scout Tower
54:31 Scout Tower
54:54 Guard Tower
54:57 Lumber Mill
55:39 Guard Tower
55:52 Guard Tower
59:04 Castle
59:27 Town Hall
68:19 Guard Tower
74:07 Altar of Kings
81:07 Gryphon Aviary
81:08 Gryphon Aviary
81:09 Gryphon Aviary
81:13 Farm
81:14 Farm
81:16 Farm
81:18 Workshop
82:10 Farm
82:14 Workshop
82:16 Gryphon Aviary
82:53 Gryphon Aviary
82:56 Farm
82:57 Farm
83:53 Arcane Vault
84:21 Farm
84:22 Farm
84:47 Scout Tower
84:47 Scout Tower
84:48 Scout Tower
84:55 Scout Tower
84:56 Scout Tower
84:57 Scout Tower
85:19 Farm
85:20 Farm
86:17 Lumber Mill
86:19 Arcane Tower
86:22 Scout Tower
86:25 Scout Tower
86:30 Scout Tower
86:32 Scout Tower
86:33 Scout Tower
86:42 Farm
86:43 Farm
86:44 Farm
86:48 Scout Tower
86:49 Scout Tower
87:53 Arcane Tower
87:54 Arcane Tower
87:55 Arcane Tower
87:56 Guard Tower
87:58 Scout Tower
87:59 Scout Tower
88:04 Farm
88:05 Farm
88:35 Guard Tower
» items
| Mechanical Critter | 5 | |
| Lesser Clarity Potion | 8 | |
| Scroll of Regeneration | 12 | |
| Staff of Teleportation | 2 | |
| Boots of Speed | 1 | |
| Scroll of Town Portal | 8 | |
| Potion of Healing | 15 | |
| Potion of Lesser Invulnerability | 1 | |
| Potion of Invisibility | 1 | |
| Ivory Tower | 4 | |
| Staff of Sanctuary | 2 | |
| Orb of Fire | 1 | |
| Potion of Mana | 1 | |
| Periapt of Vitality | 4 | |
65 total
Chat log
(00:08 / All) Manlier: gl hf
(83:45 / All) Manlier: from?
(83:50 / All) Manlier: im fromm chicago
(96:22 / All) Manlier: gg
(96:24 / All) merc.b: not really
(96:24 / All) merc.b: lol
(96:28 / All) Manlier: why you hack
(96:31 / All) merc.b: i dont
(96:33 / All) Manlier: or do you
(96:35 / All) merc.b: but thanks for the false accusation
(96:36 / All) Manlier: why you lame then
(96:39 / All) merc.b: why you cry?
(96:43 / All) Manlier: why you lame
(96:46 / All) merc.b: cookie cutter undeads deserve no better
(96:59 / All) Manlier: ok but why lame
(97:11 / All) merc.b: i call cookie cutter fast ghouls "laming"
(97:18 / All) merc.b: at least im original
(97:22 / All) Manlier: why lame
(97:27 / All) Manlier: makes no sense
(97:32 / All) merc.b: i dont know, why do you?
(97:34 / All) Manlier: yes its a long game
(97:38 / All) merc.b: i like long games
(97:40 / All) merc.b: you obviously dont :)
(97:41 / All) Manlier: but its not worth it
(97:43 / All) Manlier: i do
(97:47 / All) Manlier: ive played plenty
(97:54 / All) merc.b: you didnt want a long game, thats obvious
(98:00 / All) Manlier: but its late at night
(98:05 / All) Manlier: and get boring
(98:06 / All) merc.b: but your virgin nerd ego wouldnt let you take a loss
(98:08 / All) Manlier: more then entertaining
(98:13 / All) merc.b: im entertained, youre not
(98:22 / All) merc.b: why stay then? why not just leave
(98:30 / All) merc.b: any smart player would know you had no chance of winning there
(98:32 / All) Manlier: becuase ive been smoking weed all game
(98:43 / All) merc.b: they always bring that up as a face saving excuse
(98:43 / All) Manlier: its been easy to smoke and play since so slow
(98:54 / All) merc.b: whyd you lose then? :)
(98:56 / All) Manlier: well its true
(99:01 / All) Manlier: its hard to beat
(99:09 / All) merc.b: for players with no concept of strategy, thats true
(99:15 / All) Manlier: especially when its late at night
(99:18 / All) merc.b: you let me have 3 gold mines with no upkeep
(99:22 / All) merc.b: and you went into high upkeep
(99:27 / All) Manlier: the difference between me and you
(99:28 / All) merc.b: now i have 11k hoarded
(99:29 / All) Manlier: as a player
(99:37 / All) merc.b: the difference between me and you is that you have no strategy and get upset
(99:42 / All) merc.b: then you dont know why you lost and you cry
(99:42 / All) Manlier: you dont talk till the end when you want to get some sort of satifaction
(99:44 / All) Manlier: im not upset
(99:49 / All) merc.b: you sound pretty mad to me
(99:53 / All) Manlier: i talk throughout
(99:55 / All) Manlier: and no responce
(99:58 / All) merc.b: you lie
(100:01 / All) merc.b: you say "gl hf" when you dont mean it
(100:08 / All) merc.b: why should i respond to dishonesty?
(100:13 / All) Manlier: ive been playing this game for 10 years
(100:17 / All) merc.b: it doesnt show.
(100:24 / All) merc.b: you need to find something better to do with your life
(100:26 / All) Manlier: as in a player who is respectful
(100:27 / All) merc.b: 10 years and youre still this bad?
(100:30 / All) Manlier: im not mad at you
(100:34 / All) Manlier: you know that right
(100:36 / All) merc.b: its not respect when you say things you dont mean
(100:47 / All) merc.b: its pretense
(100:52 / All) Manlier: what
(100:54 / All) merc.b: just because other people do it doesnt mean you should
(100:56 / All) Manlier: your not talking all game like a nerd
(100:57 / All) merc.b: dont know what pretense means?
(100:59 / All) merc.b: how old are you kid?
(101:00 / All) Manlier: then you finally open up
(101:06 / All) Manlier: 24
(101:08 / All) Manlier: u
(101:13 / All) merc.b: wait wait...you played this game 10 YEARS and youre calling me a nerd?
(101:17 / All) merc.b: that is kinda funny
(101:17 / All) Manlier: ye
(101:25 / All) merc.b: a moment ago you said you werent mad
(101:27 / All) merc.b: now youre talking shit
(101:27 / All) Manlier: you know whats fun about this game
(101:31 / All) Manlier: you will never stop playing it
(101:39 / All) Manlier: so seems like you learned that
(101:41 / All) merc.b: no see i do other things with my life
(101:43 / All) Manlier: mr i like to play long games
(101:48 / All) Manlier: i assume so
(101:56 / All) Manlier: let me compare my life story to feel like i do more then you
(102:01 / All) Manlier: out of life
(102:05 / All) merc.b: and playing thousands upon thousands of cookie cutter rinse-and-repeat games is better?
(102:13 / All) merc.b: go ahead tell me about your real life
(102:15 / All) merc.b: lie to me some more
(102:16 / All) Manlier: no games the same
(102:25 / All) Manlier: your so facinated
(102:29 / All) merc.b: *you're
(102:33 / All) Manlier: i know your in love with yourself
(102:42 / All) Manlier: your
(102:43 / All) merc.b: im just observing the amount of years of your life wasted
(102:46 / All) Manlier: oo
(102:48 / All) Manlier: i c
(102:51 / All) Manlier: its fun
(102:55 / All) Manlier: you will waste yours too
(102:57 / All) merc.b: yeah its fun once in a while
(103:03 / All) merc.b: but playing it this much...obsessive
(103:03 / All) Manlier: no
(103:06 / All) merc.b: and still being so bad at it
(103:07 / All) Manlier: i play in every day
(103:14 / All) Manlier: like 50 games a day
(103:17 / All) merc.b: why didnt you ever learn to, you know, do something good?
(103:18 / All) Manlier: and i never stop typing
(103:21 / All) Manlier: i play so much
(103:23 / All) Manlier: you should too
(103:34 / All) merc.b: it's taken you this long to become a mediocre, cookie cutter undead player
(103:36 / All) merc.b: thats kinda sad
(103:41 / All) Manlier: yea
(103:49 / All) Manlier: im really trying to make it code a
(103:50 / All) merc.b: at least if you spend your life doing something, get GOOD at it
(103:54 / All) Manlier: i try super hard
(104:07 / All) Manlier: i know you like me
(104:11 / All) merc.b: actually i think you should try harder
(104:13 / All) Manlier: you wish you had more people play this long
(104:16 / All) merc.b: if youre this bad
(104:24 / All) Manlier: i think you despretely search for this type of game
(104:31 / All) Manlier: like you need it to make this game fun
(104:37 / All) Manlier: and if you never found me
(104:39 / All) merc.b: oh this isnt fun?
(104:44 / All) Manlier: you would still be bored tonight
(104:46 / All) Manlier: you love me
(104:48 / All) merc.b: ive done this to plenty of people, most of them are much better than you tho
(104:50 / All) Manlier: were like really good friends
(104:58 / All) Manlier: i think you like me
(105:02 / All) merc.b: its not love, just a sexual thing
(105:10 / All) Manlier: your just insulting me becuase your trying to be the alpha friend
(105:16 / All) Manlier: but we can be beta friends
(105:18 / All) merc.b: you have a skype? we should totally have webcam sex
(105:19 / All) Manlier: no one above the other
(105:34 / All) Manlier: why you so interest
(105:46 / All) merc.b: why not? you sounded down a moment ago
(106:39 / All) merc.b: well you didnt respond so you must be doing something
(106:49 / All) Manlier: oh i love playing wc3
(107:06 / All) merc.b: you should try to convince me youre having fun right now
(107:13 / All) merc.b: thats the usual approach at this phase
(107:15 / All) Manlier: i do have fun
(107:22 / All) Manlier: every time win or lose i have fun
(107:33 / All) Manlier: you dont believe me though
(107:34 / All) merc.b: you must have fun losing if youre this bad
(107:38 / All) merc.b: no i believe you
(107:44 / All) Manlier: im having tremendous fun losing
(107:46 / All) merc.b: if you played this long and still suck this bad, you must enjoy losing
(107:53 / All) Manlier: i know, 3 hours
(107:55 / All) Manlier: you tired yet
(108:03 / All) Manlier: when are you going to push my base
(108:08 / All) merc.b: who said i was going to?
(108:13 / All) Manlier: ok ill wait
(108:14 / All) merc.b: you'll leave they always do
(108:20 / All) Manlier: o
(108:21 / All) Manlier: ok
(108:59 / All) Manlier: why do they always leave
(109:16 / All) merc.b: it usually takes a few hours as they insist that they wont leave to make some sort of point
(109:21 / All) merc.b: usually expressing anger
(109:26 / All) Manlier: i think you making this up
(109:28 / All) Manlier: and if not
(109:36 / All) merc.b: this should be good
(109:37 / All) merc.b: if not?
(109:37 / All) Manlier: your showing that you do the same thing over and over again
(109:44 / All) Manlier: i for one dont point that out in other people
(109:47 / All) Manlier: since i dont care
(109:53 / All) merc.b: but you just did
(109:55 / All) merc.b: lol
(109:59 / All) merc.b: backpedal?
(109:59 / All) Manlier: but since you do, you seem to care much about what other people think and care about you
(110:07 / All) Manlier: i think you really need someone like me in your life
(110:18 / All) Manlier: you cant stand not playing wc3 because you life is so miserable
(110:18 / All) merc.b: i hope you dont think youre the first person to go into bullshit analysis
(110:30 / All) merc.b: usually happens around the 2 hour mark
(110:31 / All) Manlier: so as you sit here, you forget about how much you dont have to do
(110:46 / All) merc.b: blah blah blah you're a nerd for playing wc3, and i fail to realise im doing the same hting
(110:48 / All) Manlier: so why do you want to stay
(110:49 / All) merc.b: etc etc
(110:50 / All) Manlier: you a nerd
(110:54 / All) Manlier: im a nerd
(110:58 / All) Manlier: we love each other
(111:05 / All) Manlier: were friends in this game for ever
(111:06 / All) merc.b: lets meet up and have gay sex
(111:14 / All) merc.b: beta friends means we both take it
(111:24 / All) Manlier: you never told me your age
(111:32 / All) Manlier: i think you should tell me before soliciting yourself
(111:35 / All) Manlier: its not right
(111:41 / All) merc.b: why? youre legal
(111:49 / All) Manlier: you so sly
(114:59 / All) Manlier: whats the longest game you have played
(115:41 / All) Manlier: mine was 23 hours against kodos_forsak not kodos_Forsaken and it was invisncible build hack